 Dungeon Crawl Stone Soup version 0.22-a0-799-g88f5e90 (webtiles) character file.

95 iamserjio the Firebug (level 4, -1/24 HPs)
             Began as a Tengu Fire Elementalist on July 21, 2018.
             Succumbed to a gnoll's poison
             ... on level 4 of the Dungeon.
             The game lasted 00:07:19 (994 turns).

iamserjio the Firebug (Tengu Fire Elementalist)      Turns: 994, Time: 00:07:20

Health: -1/24      AC:  2    Str:  9    XL:     4   Next: 66%
Magic:  4/8        EV: 12    Int: 16    God:
Gold:   61         SH:  0    Dex: 14    Spells: 3/7 levels left

rFire    + . .     SeeInvis .   l - +2 falchion (slice)
rCold    + . .     Gourm    .   (no shield)
rNeg     . . .     Faith    .   a - +0 robe
rPois    +         Spirit   .   (helmet restricted)
rElec    +         Reflect  .   h - scarf {cloud immunity}
rCorr    +         Harm     .   (no gloves)
MR       .....                  (boots unavailable)
Stlth    ++........             (no amulet)
HPRegen  0.08/turn              (no ring)
MPRegen  0.11/turn              (no ring)

@: lethally poisoned (-1 -> -31), resistant
A: beak, talons 3
a: no special abilities


You were on level 4 of the Dungeon.
You were hungry.

You visited 1 branch of the dungeon, and saw 4 of its levels.

You collected 61 gold pieces.

Inventory:

Hand Weapons
 b - a +0 dagger
 l - a +2 falchion of slicing (weapon)
Missiles
 j - 17 arrows
 k - 2 javelins (quivered)
Armour
 a - a +0 robe (worn)
 e - a +0 leather armour
 h - a scarf of cloud immunity (worn)
Scrolls
 g - 2 scrolls of remove curse {@r2}
 n - a scroll of immolation
 o - a scroll of teleportation
Potions
 f - a potion of resistance
Comestibles
 c - 4 rations
 i - 3 chunks of flesh


   Skills:
 - Level 2.1 Dodging
 - Level 2.0 Stealth
 + Level 2.1 Spellcasting
 + Level 4.1 Conjurations
 + Level 4.6 Fire Magic


You had 3 spell levels left.
You knew the following spells:

 Your Spells              Type           Power        Failure   Level  Hunger
a - Flame Tongue          Conj/Fire      ###..        3%          1    #......
b - Conjure Flame         Conj/Fire      ###.....     11%         3    ###....

Your spell library contained the following spells:

 Spells                   Type           Power        Failure   Level  Hunger
 Fireball                 Conj/Fire      ###.......   67%         5    ######.
 Throw Flame              Conj/Fire      ###...       5%          2    ###....
 Sticky Flame             Conj/Fire      ###.....     34%         4    #####..
 Inner Flame              Hex/Fire       #.......     24%         3    ###....


Dungeon Overview and Level Annotations

Branches:
Dungeon (4/15)             Temple (0/1) D:4

Altars:
Zin


Innate Abilities, Weirdness & Mutations

You have a beak for a mouth.
You have claws for feet.


Message History

Aim: a gnoll, wielding a flail of venom The flame tongue hits the gnoll.
The gnoll is moderately wounded.
The gnoll hits you with a flail of venom!
You are lethally poisoned!
Casting: Flame Tongue (safe; 3% risk of failure)
Confirm with . or Enter, or press ? or * to list all spells.
Aiming: Flame Tongue (safe; 3% risk of failure)
Press: ? - help, Shift-Dir - straight line, f/p - gnoll
Aim: a gnoll, wielding a flail of venom (moderately wounded)
The flame tongue hits the gnoll.
The gnoll is heavily wounded.
* * * LOW HITPOINT WARNING * * *
You feel sick.
The gnoll hits you with a flail of venom.
* * * LOW HITPOINT WARNING * * *
You are more poisoned.
It was a potion of resistance.
You feel protected.
You die...

########
############.>.....
#.@g.........######
#.########......#** #.#
**** #.#.##...g
#.#**,,**#...$#,...
#.%,,,,,,.......,g.
#..**,**###....$g,.
#..#,,,***#.......,
#...,,,,,,........,
*****##.#,,,*,**,,,**,*,


You could see a gnoll.

Vanquished Creatures
  2 adders
  An ooze (D:2)
  A worm (D:2)
  6 dart slugs
  3 leopard geckos
  An orc (D:3)
  3 ball pythons
  3 giant cockroaches
  9 goblins
  8 hobgoblins
  2 jackals (D:1)
  5 bats
  5 frilled lizards
  4 kobolds
  A rat (D:1)
54 creatures vanquished.

Notes
Turn   | Place    | Note
-------+----------+-------------------------------------------
     0 | D:1      | iamserjio the Tengu Fire Elementalist began the quest for the Orb.
     0 | D:1      | Reached XP level 1. HP: 10/10 MP: 4/4
    63 | D:1      | Reached XP level 2. HP: 14/15 MP: 0/6
   277 | D:1      | Reached XP level 3. HP: 17/19 MP: 7/7
   426 | D:1      | Learned a level 3 spell: Conjure Flame
   667 | D:2      | Reached XP level 4. HP: 12/24 MP: 2/8
   939 | D:4      | Found a glowing silver altar of Zin.
   993 | D:4      | HP: 1/24 [gnoll/flail of venom (6)]
   994 | D:4      | Succumbed to a gnoll's poison

Vault maps used:
D:1:      erik_arrival_triangle_medium
D:2:      serial_corexii_hall, corexii_hall_statues_l, corexii_hall_statues_s,
          hangedman_decor_opposing
D:3:      first_ration
D:4:      nicolae_overflow_crystal_walls, overflow_temple_1_default,
          minmay_temple_entry_butterflies, corexii_leaking_fountain,
          grunt_ministairs_9, serial_park_tiny_2

Skill      XL: |  1  2  3  4 |
---------------+-------------+-----
Conjurations   | 2 3 4 |  4.1
Fire Magic     | 4 |  4.6
Dodging        | |  2.1
Stealth        | |  2.0
Spellcasting   | |  2.1

Action                   |  1- 3 |  4- 6 || total
-------------------------+-------+-------++-------
Melee: Dagger            |    42 |       ||    42
       Kick              |     6 |     3 ||     9
       Peck              |     6 |     2 ||     8
       Falchion          |       |    11 ||    11
 Cast: Flame Tongue      |    47 |    26 ||    73
  Use: Scroll            |       |     4 ||     4
       Potion            |       |     1 ||     1
 Stab: Sleeping          |     4 |     1 ||     5
  Eat: Chunk             |       |     1 ||     1
Armor: Robe              |    12 |     2 ||    14
Dodge: Dodged            |    34 |    11 ||    45
       Rpst.: Falchion   |       |     1 ||     1

Table legend:
 A = Spawn XP
 B = Non-spawn XP
 C = Spawn XP percentage of total XP
 D = Spawn monster count
 E = Non-spawn monster count
 F = Spawn count percentage of total count
 G = Total turns spent on level
                    A         B        C        D         E        F      G
               +---------+---------+-------+---------+---------+-------+---------
         Total |       0 |     137 |   0.0 |       0 |      54 |   0.0 |   994
               +---------+---------+-------+---------+---------+-------+---------
           D:1 |       0 |      51 |   0.0 |       0 |      27 |   0.0 |   427
           D:2 |       0 |      45 |   0.0 |       0 |      14 |   0.0 |   310
           D:3 |       0 |      27 |   0.0 |       0 |      11 |   0.0 |   194
           D:4 |       0 |      14 |   0.0 |       0 |       2 |   0.0 |    63
               +---------+---------+-------+---------+---------+-------+---------
